 Dungeon Crawl Stone Soup version 0.17-a0-1132-g5dd4065 (console) character file.

16 Monkaria the Skirmisher (level 2, -5/25 HPs)
             Began as a Demonspawn Chaos Knight on May 25, 2015.
             Slain by Sigmund
             ... wielding a +1 scythe of protection
              (6 damage)
             ... on level 2 of the Dungeon.
             The game lasted 00:02:05 (936 turns).

Monkaria the Skirmisher (Demonspawn Chaos Knight)    Turns: 936, Time: 00:02:05

Health: -5/25      AC:  5    Str: 12    XL:     2   Next: 41%
Magic:  0/2        EV: 11    Int: 13    God:    Xom [..*...]
Gold:   5          SH:  0    Dex: 12    Spells: 0 memorised, 1 level left

rFire  . . .     SeeInvis .     a - +0 falchion (chaos)
rCold  . . .     Clarity  .     b - +2 leather armour
rNeg   . . .     SustAt   .     (no shield)
rPois  .         Gourm    .     (helmet restricted)
rElec  .         Spirit   +     (no cloak)
rCorr  .         Warding  .     (no gloves)
rMut   .         Stasis   .     (no boots)
MR     +....                    (no amulet)
Stlth  +.........               (no ring)
                                (no ring)

@: somewhat resistant to hostile enchantments, very unstealthy
A: beak, magic resistance 1, spit poison 1, magic shield
a: Spit Poison, Renounce Religion


You were on level 2 of the Dungeon.
You worshipped Xom.
You were a toy of Xom.
You were not hungry.

You visited 1 branch of the dungeon, and saw 2 of its levels.

You collected 5 gold pieces.

Inventory:

Hand weapons
 a - a +0 falchion of chaos (weapon)
Missiles
 d - 17 poisoned needles
Armour
 b - a +2 leather armour (worn)
 e - a +0 helmet
Scrolls
 f - a scroll of enchant weapon {unknown}
 g - a scroll of remove curse {unknown}
 i - a scroll of noise {unknown}
Potions
 h - a potion of ambrosia
 j - a potion of mutation
Comestibles
 c - a bread ration


   Skills:
 + Level 3.8 Fighting
 - Level 2.6 Long Blades
 - Level 1.8 Armour
 - Level 0.8 Dodging


You had one spell level left.
You didn't know any spells.

Dungeon Overview and Level Annotations

Branches:
Dungeon (2/15)

Altars:

Annotations:
D:2 Sigmund


Innate Abilities, Weirdness & Mutations

When hurt, damage is shared between your health and your magic reserves.
You have a beak for a mouth.
You are resistant to hostile enchantments.
You can spit weak poison.


Message History

Something tries to affect you, but you resist.
Unknown command.
You miss something. Something hits you.
You miss something. You peck something. Something hits you!
* * * LOW HITPOINT WARNING * * *
You emit a cloud of colourful smoke!
You miss something. You peck something.
The giant cockroach bites you but does no damage.
The giant cockroach bites you.
* * * LOW HITPOINT WARNING * * *
Unknown command.
You closely miss something. You peck something. Something hits you.
* * * LOW HITPOINT WARNING * * *
The giant cockroach barely misses you.
You hit something. You burn something.
The giant cockroach waves its antennae.
The giant cockroach bites you.
* * * LOW HITPOINT WARNING * * *
Something hits you.
You die...

#.#..# .#.. #.#..#
... #...# #.# ###
#..#####.# .?#
##[.(....########
#.#
#..........<.....
..#.#.....##########
.#####{##§###.#
......§@s.# #.#
########### #.. ##.#
.# .. ##


You could see a giant cockroach.

Vanquished Creatures
  A giant gecko (D:1)
  3 goblins (D:1)
  A hobgoblin (D:1)
  6 kobolds (D:1)
  A bat (D:1)
  4 rats (D:1)
16 creatures vanquished.

Notes
Turn   | Place    | Note
--------------------------------------------------------------
     0 | D:1      | Monkaria the Demonspawn Chaos Knight began the quest for the Orb.
     0 | D:1      | Reached XP level 1. HP: 18/18 MP: 1/1
   177 | D:1      | XOM: harmless Chrm miscast
   222 | D:1      | Gained mutation: When hurt, damage is shared between your health and your magic reserves. [demonic ancestry]
   222 | D:1      | Reached XP level 2. HP: 22/24 MP: 2/2
   548 | D:1      | XOM: divination: detect creatures
   913 | D:2      | Noticed Sigmund
   915 | D:2      | Gained mutation: You are resistant to hostile enchantments. [potion of mutation]
   915 | D:2      | Gained mutation: You can spit weak poison. [potion of mutation]
   915 | D:2      | Gained mutation: You have a beak for a mouth. [potion of mutation]
   933 | D:2      | XOM: smoke on damage
   936 | D:2      | HP: 1/25 [giant cockroach (1)]
   936 | D:2      | Slain by Sigmund

Vault maps used:
D:1:      scummos_arrival_star, minmay_misc_feat_nine_boxes, serial_bayou_pond_a
D:2:      nicolae_dithmenos_through_a_glass_darkly, uniq_robin, uniq_natasha,
          uniq_terence, uniq_sigmund

Action                   || total
-------------------------++-------
Melee: Falchion          ||    53
  Use: Potion            ||     2
